Unix NetHack Version 5.0.0-0 post-release - last build May 31 2026 23:59:36 (970b52f25bf058293b47ddfd14a1e40e571c508c,branch:main).

Game began 2026-06-08 22:43:49, ended 2026-06-09 01:22:41.

Brudee, neutral female human Tourist

                                   ------ ---
                     ----          |....---.--     ------
                      ..|       ----.......(.|     |....--
                     --.--      |)..)........|     |.V...|
  --                 |...--     |.---........|     |.--..|
 --.--------------  --....--- ---%| --.--...--     |.||..|
 |.............%[----.......--|...|  ------.--    --.||.--
 --..--..-------%.--.........--.---       |..|   --..||.---
   -.--...|    --...............|         --.-----..--|...---  -
   |......|     --.....--....----          |o......-- |........|
   --...---      --...--|...--             |....----  |...------
   --...-----     |...---..--     ---      |.|...|    |..--
 ---........--    |....|...--     ..|      |.-----    -..|
 |<..[.......-    ---.......------..       |.         ..--
 |.............-    |.........--..-        --        ...|
 --......0.......|  ----.|.|......|                 |...|
  |..............|     -------...--                 -----
  |......|.----..|           -----
  --.|.-----   ---
   -----
Brudee the Sightseer        St:6 Dx:13 Co:13 In:12 Wi:10 Ch:16  Neutral S:12385
Dlvl:12 $:847 HP:0(48) Pw:15(23) AC:4  Xp:5/199 T:4317  Satiated Lev

Latest messages:
 What do you want to put on? [z or ?*] L
 You finish your dressing maneuver.
 What do you want to put on? [z or ?*] ?
 What do you want to put on? [z or ?*] <space>
 Never mind.
 What do you want to wear? [mrQ or ?*] ?
 Suddenly you cannot see yourself.
 You are now wearing a cloak of invisibility.
 s - a scroll labeled JUYED AWK YACC.
 The forest centaur zaps a platinum wand!
 The magic missile whizzes by you!
 The magic missile bounces!
 What do you want to use or apply? [afijnoqwzBUVZ or ?*] n
 In what direction? l
 The forest centaur is blinded by the flash!
 Welcome back to experience level 5.
 The forest centaur zaps a wand of magic missile!
 The magic missile hits you!
 What do you want to use or apply? [afijnoqwzBUVZ or ?*] i
 x - an uncursed ring of levitation.
 What do you want to zap? [qwBUV or ?*] ?
 In what direction? j
 The sleep ray hits the vampire.
 What do you want to zap? [qwBUV or ?*] ?
 In what direction? j
 What do you want to zap? [qwBUV or ?*] ?
 In what direction? .
 The vampire attacks a spot beside you.
 What do you want to put on? [xz or ?*] ?
 Which ring-finger, Right or Left? [rl] r
 You start to float in the air!
 x - an uncursed ring of levitation (on right hand).
 What do you want to use or apply? [afijnoqwzBUVZ or ?*] n
 In what direction? n
 The forest centaur is blinded by the flash!
 The forest centaur turns to flee.
 You miss the forest centaur.
 You hit the forest centaur.
 The forest centaur zaps a wand of magic missile!
 The magic missile hits you!
 The magic missile bounces!
 The magic missile hits you!
 You hear the howling of the CwnAnnwn...
 The vampire strikes at thin air!
 You hear some noises in the distance.
 The vampire hits!
 The vampire bites!
 You die...
 Do you want your possessions identified? [ynq] (y) y
 Do you want to see your attributes? [ynq] (y) q

Inventory:
 Coins    ('$')
  $ - 847 gold pieces
 Weapons  (')')
  G - 2 +0 darts
  C - 3 +0 daggers (at the ready)
  R - a +0 dagger
  g - the +0 Sting (weapon in right hand, flickering light blue)
 Armor    ('[')
  L - an uncursed +0 dwarvish iron helm (being worn)
  m - an uncursed +0 pair of water walking boots
  r - an uncursed +0 alchemy smock with text "Rat: The other white meat"
  Q - an uncursed +0 cloak of invisibility (being worn)
  t - an uncursed greased rotproof +0 set of blue dragon scales (being worn)
 Comestibles  ('%')
  d - an uncursed carrot
  K - an uncursed food ration
  Y - 2 uncursed lembas wafers
  h - an uncursed pear
  H - an uncursed tripe ration
 Scrolls  ('?')
  p - an uncursed scroll of blank paper
  s - an uncursed scroll of blank paper
 Spellbooks  ('+')
  j - an uncursed spellbook of cancellation
 Potions  ('!')
  l - an uncursed potion of water
 Rings    ('=')
  x - an uncursed ring of levitation (on right hand)
 Wands    ('/')
  w - a wand of cancellation (0:2)
  q - a wand of make invisible (0:-1)
  B - a wand of make invisible (0:-1)
  V - a wand of sleep (0:-1)
  U - a wand of speed monster (0:-1)
 Tools    ('(')
  i - an uncursed sack named poison-sleep containing 12 items
  z - an uncursed blindfold
  o - an uncursed credit card
  n - an expensive camera (0:50)
  f - an uncursed leash
  a - an uncursed pair of lenses (being worn)
 Gems/Stones  ('*')
  b - an uncursed worthless piece of blue glass
  Z - an uncursed flint stone

Contents of the sack named poison-sleep:
  an uncursed scroll of fire
  a blessed scroll of magic mapping
  2 potions of holy water
  an uncursed ring of stealth
  an uncursed ring of sustain ability
  a magic marker (0:73)
  a magic marker (0:21)
  7 uncursed wax candles
  2 uncursed turquoise stones
  2 uncursed worthless pieces of green glass
  an uncursed worthless piece of red glass
  an uncursed worthless piece of yellow glass

Brudee the Tourist's attributes:

Background:
 You were a Sightseer, a level 5 female human Tourist.
 You were neutral, on a mission for The Lady
 who was opposed by Blind Io (lawful) and Offler (chaotic).
 You were right-handed.
 You were in the Gnomish Mines, on level 12.
 You entered the dungeon 4317 turns ago.
 It was nighttime.
 You had 199 experience points, 121 more were needed to attain level 6.
 Your score was 12385 before end-of-game adjustments.

Basics:
 You had 0 out of 48 hit points.
 You had 15 out of 23 energy points (spell power).
 Your armor class was 4.
 Your wallet contained 847 zorkmids.
 Autopickup was on for '$!=+?/"' plus thrown.

Final Characteristics:
 Your strength was 6 (peak:14, limit:18/100).
 Your dexterity was 13 (limit:18).
 Your constitution was 13 (limit:18).
 Your intelligence was 12 (limit:18).
 Your wisdom was 10 (limit:18).
 Your charisma was 16 (limit:18).

Final Status:
 You were levitating.
 You were satiated.
 You were unencumbered.
 You were wielding a dagger.
 You were unskilled in dagger and could have enhanced that.

Final Attributes:
 You were piously aligned.
 You were sleep resistant.
 You were shock resistant.
 Your items were protected from electric shocks.
 You were poison resistant.
 You were telepathic.
 You were aware of the presence of orcs.
 You were invisible.
 You were warded.
 You were very fast.
 You are dead.

Miscellaneous:
 You didn't encounter any bones levels.
 Total elapsed playing time was 1 hour, 34 minutes and 16 seconds.

Major events:
 Turn
    1: Brudee the neutral female human Tourist entered the dungeon
  757: attained the rank of Sightseer (level 3)
 2174: made her first wish - "blessed greased fixed +2 blue dragon scale mail", got "a greased blue dragon scale mail"
 2297: entered the Gnomish Mines
 2350: reached Mine Town
 2374: attained the rank of Excursionist (level 6)
 3069: chose a runed dagger to be named "Sting"
 4317: killed by a vampire

You didn't know any spells.

Skills:
 Fighting Skills
   bare handed combat [Basic]
   two weapon combat  [Unskilled]
   riding             [Unskilled]
 Weapon Skills
   dagger             [Unskilled]
   knife              [Unskilled]
   axe                [Unskilled]
   pick-axe           [Unskilled]
   short sword        [Unskilled]
   broadsword         [Unskilled]
   long sword         [Unskilled]
   two-handed sword   [Unskilled]
   saber              [Unskilled]
   mace               [Unskilled]
   morning star       [Unskilled]
   flail              [Unskilled]
   hammer             [Unskilled]
   quarterstaff       [Unskilled]
   polearms           [Unskilled]
   spear              [Unskilled]
   trident            [Unskilled]
   lance              [Unskilled]
   bow                [Unskilled]
   sling              [Unskilled]
   crossbow           [Unskilled]
   dart               [Basic]
   shuriken           [Unskilled]
   boomerang          [Unskilled]
   whip               [Unskilled]
   unicorn horn       [Unskilled]
 Spellcasting Skills
   divination spells  [Unskilled]
   enchantment spells [Unskilled]
   escape spells      [Unskilled]

Voluntary challenges:
 Character rerolling was not enabled.
 You never genocided any monsters.
 You never polymorphed an object.
 You used 1 wish.
 You did not wish for any artifacts.
Achievements:
 You entered a shop.
 You attained the rank of Sightseer.
 You entered the Gnomish Mines.
 You entered Minetown.
 You attained the rank of Excursionist.

 The Dungeons of Doom: levels 1 to 5
    Level 1:
    Level 2:
       A fountain.
    Level 3:
       A potion shop, a grave.
    Level 4:
       A potion shop.
       Stairs down to The Gnomish Mines.
    Level 5:
       An altar to The Lady, a fountain.
 The Gnomish Mines: levels 5 to 12
    Level 5:
    Level 6:
    Level 7:
       An altar, some fountains.
    Level 8:
    Level 9:
    Level 10:
    Level 11:
    Level 12: <- You were here.
       Final resting place for
          you, killed by a vampire.


Vanquished creatures:
  a small mimic
  a tiger
 an elf mummy
  a Grey-elf
  a gremlin
  3 orc-captains
  a mumak
  2 giant spiders
  a horse
  3 gnome rulers
  a rust monster
  a Green-elf
  a lizard
  a dingo
  2 Mordor orcs
  3 Uruk-hai
  5 orc shamans
  a rock mole
  a yellow light
 10 gnome leaders
  4 gnomish wizards
  2 little dogs
  2 floating eyes
 13 dwarves
 17 hill orcs
  a rothe
  a wererat
  a werejackal
 an acid blob
  2 coyotes
  2 gas spores
  2 manes
  a large kobold
  2 hobgoblins
 an orc
  5 giant rats
  a brown mold
  a green mold
  a red mold
 45 gnomes
  a gnome zombie
  2 geckos
  9 jackals
  a fox
  6 goblins
  8 grid bugs
  5 lichens
  3 newts
181 creatures vanquished.

No species were genocided or became extinct.

Game over:
                       ----------
                      /          \
                     /    REST    \
                    /      IN      \
                   /     PEACE      \
                  /                  \
                  |      Brudee      |
                  |      847 Au      |
                  |   killed by a    |
                  |     vampire      |
                  |                  |
                  |                  |
                  |       2026       |
                 *|     *  *  *      | *
        _________)/\\_//(\/(/\)/\//\/|_)_______

Aloha Brudee the Tourist...

You died in The Gnomish Mines on dungeon level 12 with 12383 points,
and 847 pieces of gold, after 4317 moves.
You were level 5 with a maximum of 48 hit points when you died.

